VEGAS Golden Knights vs SEATTLE Kraken

Created - 3 avril 2024 at 14:29

Goals
1 2 3 T
VEGAS Golden Knights 2 1 1 4
SEATTLE Kraken 3 0 0 3
Shots
1 2 3 T
VEGAS Golden Knights 21 7 17 45
SEATTLE Kraken 4 14 5 23

1st period

1. VEGAS Golden Knights , Andrei Svechnikov 18 (Mikael Granlund 27, Tony DeAngelo 27) at 0:36
2. SEATTLE Kraken , Matt Martin 14 (Jakub Zboril 21) at 2:14
3. VEGAS Golden Knights , Alex Killorn 22 (Adam Larsson 27, Mikael Granlund 28) at 6:21
4. SEATTLE Kraken , Matty Beniers 23 (Joel Hanley 14) at 17:30
5. SEATTLE Kraken , Luke Kunin 17 (Jordan Greenway 22, Brendan Lemieux 18) at 18:57

Penalties :
Jordan Gross (SEA) for Interference (Minor) at 8:24, Arber Xhekaj (SEA) for High sticking (Minor) at 13:28

2nd period

6. VEGAS Golden Knights , Andrei Svechnikov 19 (Alex Killorn 31, Olli Maatta 12) at 18:24

Penalties :
Andrei Svechnikov (VGK) for Slashing (Minor) at 5:16, Adam Larsson (VGK) for Holding (Minor) at 10:22, Jordan Gross (SEA) for Roughing (Minor) at 13:44, Sebastian Aho (VGK) for Roughing (Minor) at 19:14

3rd period

7. VEGAS Golden Knights , Mikael Granlund 9 (Adam Larsson 28, Olli Maatta 13) at 2:11

Penalties :
Arber Xhekaj (SEA) for Cross-checking (Minor) at 3:53, Andrei Svechnikov (VGK) for Slashing (Minor) at 3:53, Joel Hanley (SEA) for Cross-checking (Minor) at 7:25, Joel Hanley (SEA) for Tripping (Minor) at 16:30, Adam Erne (VGK) for Hooking (Minor) at 19:02

Goalie Stats

Connor Hellebuyck (VGK), 20 saves from 23 shots - (0,870), W, 36-27-3, 60:00 minutes
Sergei Bobrovsky (SEA), 41 saves from 45 shots - (0,911), L, 13-39-10, 60:00 minutes

Players Stats for VEGAS Golden Knights

Player Name              G  A  P  +/- PIM S  H  SB GA TA FO     MP     PP MP  PK MP  
------------------------------------------------------------------------------------
Adam Erne                0  0  0  -1  2   0  1  0  0  0  1/1    11:50   0:00   0:00 
Adam Larsson             0  2  2   3  2   2  5  3  0  0  0/0    20:37   0:00   2:36 
Alex Killorn             1  1  2   2  0   3  3  0  0  0  1/3    18:52   5:26   1:23 
Andrei Svechnikov        2  0  2   2  4   6  1  0  0  0  0/0    15:50   4:45   0:00 
Colton Sissons           0  0  0  -1  0   1  2  0  0  0  17/23  20:41   4:29   4:54 
Devin Shore              0  0  0   0  0   0  1  1  0  0  0/0     7:45   0:00   1:55 
Evgenii Dadonov          0  0  0  -1  0   0  1  0  0  0  0/2    11:51   0:00   0:00 
Jared McCann             0  0  0   0  0   7  0  0  0  0  1/1    19:26   5:26   0:00 
Jordan Oesterle          0  0  0  -2  0   0  1  1  0  0  0/0    11:13   0:00   0:00 
Mikael Granlund          1  2  3   2  0   4  0  0  0  0  14/22  17:57   5:10   0:37 
Mike Reilly              0  0  0  -2  0   0  2  1  0  0  0/0    11:13   0:00   0:00 
Noah Hanifin             0  0  0   0  0   3  1  2  0  0  0/0    23:31   4:45   3:44 
Noel Acciari             0  0  0   0  0   4  0  0  0  0  4/6    11:42   4:29   1:23 
Olli Maatta              0  2  2   3  0   1  0  0  0  0  0/0    20:22   0:00   3:19 
Phil Di Giuseppe         0  0  0   0  0   0  1  0  0  0  0/0     6:12   0:00   0:22 
Sebastian Aho            0  0  0   0  2   8  3  0  0  0  22/28  21:59   5:26   3:14 
Tomas Tatar              0  0  0   0  0   6  1  0  0  0  1/1    16:53   4:29   0:00 
Tony DeAngelo            0  1  1   0  0   0  4  0  0  0  0/0    23:08   5:10   4:09 

Players Stats for SEATTLE Kraken

Player Name              G  A  P  +/- PIM S  H  SB GA TA FO     MP     PP MP  PK MP  
------------------------------------------------------------------------------------
Arber Xhekaj             0  0  0   0  4   0  6  0  0  0  0/0    14:10   0:00   0:05 
Brendan Lemieux          0  1  1  -2  0   1  2  0  0  0  1/16   25:15   3:06   5:30 
Givani Smith             0  0  0   0  0   3  1  0  0  0  0/0     9:38   0:00   0:00 
Jake Gardiner            0  0  0  -1  0   1  0  2  0  0  0/0    25:38   4:26   5:09 
Jakub Zboril             0  1  1   0  0   0  2  3  0  0  0/0    25:14   4:26   6:01 
Joel Hanley              0  1  1   0  4   1  4  2  0  0  0/0    18:15   2:28   3:18 
John Hayden              0  0  0   0  0   0  0  0  0  0  0/0     1:20   0:07   0:00 
Jordan Greenway          0  1  1  -1  0   1  1  1  0  0  3/7    19:41   3:06   3:14 
Jordan Gross             0  0  0   0  4   0  4  1  0  0  0/0    15:30   0:00   2:31 
Liam O'Brien             0  0  0   1  0   0  2  0  0  0  1/2    14:24   0:00   0:22 
Luke Kunin               1  0  1  -1  0   4  0  0  0  0  10/23  22:46   3:06   6:19 
Mathieu Olivier          0  0  0   0  0   0  1  0  0  0  2/7     9:38   0:00   0:00 
Matt Martin              1  0  1   1  0   3  2  0  0  0  0/0    21:24   3:48   3:14 
Matty Beniers            1  0  1   1  0   4  0  0  0  0  8/25   17:50   3:48   0:00 
Radko Gudas              0  0  0  -1  0   3  2  2  0  0  0/0    21:07   2:28   2:46 
Ryan Kesler              0  0  0  -1  0   1  0  0  0  0  0/1     7:01   0:00   1:11 
Wayne Simmonds           0  0  0   0  0   0  4  0  0  0  0/1    13:19   3:41   0:00 
Zack MacEwen             0  0  0  -1  0   1  0  0  0  0  1/5     5:50   0:00   0:00 

3 Stars

1 - Mikael Granlund (VGK)
2 - Alex Killorn (VGK)
3 - Adam Larsson (VGK)

Power Play

VEGAS Golden Knights - 0 on 5 Attempt(s) - 0,00%
SEATTLE Kraken - 0 on 4 Attempt(s) - 0,00%

Penalty Kill

VEGAS Golden Knights - 4 on 4 Attempt(s) - 100,00% - Score 0 goal in Penalty Kill
SEATTLE Kraken - 5 on 5 Attempt(s) - 100,00% - Score 0 goal in Penalty Kill

Team Stat

VEGAS Golden Knights - Hits : 27 - Faceoff Wins : 61 - Blocked Shots : 8 - Penalty Minutes : 10
SEATTLE Kraken - Hits : 31 - Faceoff Wins : 26 - Blocked Shots : 11 - Penalty Minutes : 12

Official

Referees : Garrett Rank and Elizabeth Mantha
Linesman : Lisa Linnek and Owen Gidlow

Game Notes

No Game Note

Finance

Level 1 -- Attendance: 5096 (84,93%) -- Ticket Income $509,600
Level 2 -- Attendance: 3789 (75,78%) -- Ticket Income $227,340
Level 3 -- Attendance: 1993 (99,65%) -- Ticket Income $69,755
Level 4 -- Attendance: 2759 (68,98%) -- Ticket Income $68,975
Luxury Box -- Attendance: 841 (84,10%) -- Ticket Income $168,200
Total Attendance: 14478 (80,43%)
Total Ticket Income: $1,043,870
Other Income: $260,968
Total Income: $1,304,838

VEGAS Golden Knights

5 vs 5 Forward 
   Center                   Left Wing                Right Wing               Time % Phy DF OF 
 1 Sebastian Aho            Jared McCann             Tomas Tatar              36     1   2  2  
 2 Mikael Granlund          Andrei Svechnikov        Alex Killorn             30     1   2  2  
 3 Colton Sissons           Adam Erne                Evgenii Dadonov          25     1   2  2  
 4 Noel Acciari             Phil Di Giuseppe         Devin Shore              9      1   2  2  

5 vs 5 Defense 
   Defense                  Defense                                           Time % Phy DF OF 
 1 Adam Larsson             Olli Maatta                                       40     1   2  2  
 2 Noah Hanifin             Tony DeAngelo                                     33     1   2  2  
 3 Mike Reilly              Jordan Oesterle                                   22     1   2  2  
 4 Adam Larsson             Noah Hanifin                                      5      1   2  2  

PowerPlay Forward 
   Center                   Left Wing                Right Wing               Time % Phy DF OF 
 1 Sebastian Aho            Jared McCann             Alex Killorn             65     0   1  4  
 2 Colton Sissons           Noel Acciari             Tomas Tatar              35     0   2  3  

PowerPlay Defense
   Defense                  Defense                                           Time % Phy DF OF 
 1 Andrei Svechnikov        Noah Hanifin                                      65     0   1  4  
 2 Mikael Granlund          Tony DeAngelo                                     35     0   2  3  

Penalty Kill 4 Players Forward 
   Center                   Wing                     Time % Phy DF OF 
 1 Colton Sissons           Sebastian Aho            60     1   3  1  
 2 Noel Acciari             Alex Killorn             40     1   3  1  

Penalty Kill 4 Players Defense
   Defense                  Defense                  Time % Phy DF OF 
 1 Adam Larsson             Tony DeAngelo            60     1   3  1  
 2 Noah Hanifin             Olli Maatta              40     1   3  1  

Penalty Kill - 3 Players Forward 
   Forward                                           Time % Phy DF OF 
 1 Colton Sissons                                    60     0   5  0  
 2 Sebastian Aho                                     40     0   5  0  

Penalty Kill - 3 Players Defense
   Defense                  Defense                  Time % Phy DF OF 
 1 Adam Larsson             Noah Hanifin             60     0   5  0  
 2 Tony DeAngelo            Olli Maatta              40     0   5  0  

4 vs 4 Forward 
   Center                   Wing                     Time % Phy DF OF 
 1 Sebastian Aho            Alex Killorn             60     1   2  2  
 2 Mikael Granlund          Jared McCann             40     1   2  2  

4 vs 4 Defense
   Defense                  Defense                  Time % Phy DF OF 
 1 Adam Larsson             Tony DeAngelo            60     1   2  2  
 2 Noah Hanifin             Olli Maatta              40     1   2  2  

Last Minutes Offensive
   Center                   Left Wing                Right Wing               Defense                  Defense                  
   Sebastian Aho            Jared McCann             Alex Killorn             Tony DeAngelo            Noah Hanifin             

Last Minutes Defensive
   Center                   Left Wing                Right Wing               Defense                  Defense                  
   Sebastian Aho            Colton Sissons           Alex Killorn             Adam Larsson             Noah Hanifin             

Goaltenders
Starting : Connor Hellebuyck        
Backup : Pyotr Kochetkov          

Extra Forwards
Normal : Jared McCann, Sebastian Aho, Alex Killorn - PP : Sebastian Aho, Mikael Granlund - PK : Colton Sissons
Extra Defensemen
Normal : Adam Larsson, Noah Hanifin, Tony DeAngelo - PP : Tony DeAngelo - PK : Adam Larsson, Noah Hanifin
Penalty Shots
Sebastian Aho, Jared McCann, Andrei Svechnikov, Alex Killorn, Tomas Tatar

Scratches
None

SEATTLE Kraken

5 vs 5 Forward 
   Center                   Left Wing                Right Wing               Time % Phy DF OF 
 1 Luke Kunin               Brendan Lemieux          Jordan Greenway          40     1   2  2  
 2 Matty Beniers            Matt Martin              Liam O'Brien             30     1   2  2  
 3 Zack MacEwen             Ryan Kesler              Brendan Lemieux          20     1   2  2  
 4 Mathieu Olivier          Wayne Simmonds           Givani Smith             10     1   2  2  

5 vs 5 Defense 
   Defense                  Defense                                           Time % Phy DF OF 
 1 Radko Gudas              Jake Gardiner                                     40     1   2  2  
 2 Jakub Zboril             Arber Xhekaj                                      30     1   2  2  
 3 Jordan Gross             Joel Hanley                                       20     1   2  2  
 4 Radko Gudas              Jake Gardiner                                     10     1   2  2  

PowerPlay Forward 
   Center                   Left Wing                Right Wing               Time % Phy DF OF 
 1 Luke Kunin               Brendan Lemieux          Jordan Greenway          60     1   2  2  
 2 Matty Beniers            Matt Martin              Wayne Simmonds           40     1   2  2  

PowerPlay Defense
   Defense                  Defense                                           Time % Phy DF OF 
 1 Radko Gudas              Joel Hanley                                       60     1   2  2  
 2 Jakub Zboril             Jake Gardiner                                     40     1   2  2  

Penalty Kill 4 Players Forward 
   Center                   Wing                     Time % Phy DF OF 
 1 Brendan Lemieux          Luke Kunin               60     1   2  2  
 2 Jordan Greenway          Matt Martin              40     1   2  2  

Penalty Kill 4 Players Defense
   Defense                  Defense                  Time % Phy DF OF 
 1 Jake Gardiner            Jordan Gross             60     1   2  2  
 2 Jakub Zboril             Joel Hanley              40     1   2  2  

Penalty Kill - 3 Players Forward 
   Forward                                           Time % Phy DF OF 
 1 Jordan Greenway                                   60     1   2  2  
 2 Luke Kunin                                        40     1   2  2  

Penalty Kill - 3 Players Defense
   Defense                  Defense                  Time % Phy DF OF 
 1 Radko Gudas              Joel Hanley              60     1   2  2  
 2 Jakub Zboril             Jordan Gross             40     1   2  2  

4 vs 4 Forward 
   Center                   Wing                     Time % Phy DF OF 
 1 Luke Kunin               Jordan Greenway          60     1   2  2  
 2 Brendan Lemieux          Matt Martin              40     1   2  2  

4 vs 4 Defense
   Defense                  Defense                  Time % Phy DF OF 
 1 Joel Hanley              Jake Gardiner            60     1   2  2  
 2 Jakub Zboril             Jordan Gross             40     1   2  2  

Last Minutes Offensive
   Center                   Left Wing                Right Wing               Defense                  Defense                  
   Luke Kunin               Brendan Lemieux          Jordan Greenway          Radko Gudas              Jake Gardiner            

Last Minutes Defensive
   Center                   Left Wing                Right Wing               Defense                  Defense                  
   Luke Kunin               Brendan Lemieux          Jordan Greenway          Radko Gudas              Jake Gardiner            

Goaltenders
Starting : Sergei Bobrovsky         
Backup : Laurent Brossoit         

Extra Forwards
Normal : Jordan Greenway, Brendan Lemieux, Luke Kunin - PP : Luke Kunin, Brendan Lemieux - PK : Luke Kunin
Extra Defensemen
Normal : Jordan Gross, Joel Hanley, Jakub Zboril - PP : Jakub Zboril - PK : Joel Hanley, Jakub Zboril
Penalty Shots
Brendan Lemieux, Luke Kunin, Jordan Greenway, Matt Martin, Wayne Simmonds

Scratches
Carey Price (Healthy)

% Time on Ice - VEGAS Golden Knights

Lines # - Real PCT - Wanted PCT - Time Play
Normal Forward
1 - 30% - 36% - 12:24
2 - 27% - 30% - 11:07
3 - 29% - 25% - 11:51
4 - 14% - 9% - 5:50
Normal Defense
1 - 39% - 40% - 16:00
2 - 31% - 33% - 12:53
3 - 27% - 22% - 11:13
4 - 3% - 5% - 1:06
PP Forward
1 - 55% - 65% - 5:26
2 - 45% - 35% - 4:29
PP Defense
1 - 48% - 65% - 4:45
2 - 52% - 35% - 5:10
PK Forward
1 - 80% - 60% - 5:31
2 - 20% - 40% - 1:23
PK Defense
1 - 64% - 60% - 4:23
2 - 36% - 40% - 2:31
PK3 Forward
1 - 0% - 60%
2 - 0% - 40%
PK3 Defense
1 - 0% - 60%
2 - 0% - 40%
44 Forward
1 - 47% - 60% - 0:56
2 - 53% - 40% - 1:03
44 Defense
1 - 47% - 60% - 0:56
2 - 53% - 40% - 1:03
Last Minute Offensive  - 0:00
Last Minute Defensive  - 0:00
Total
Forward - 60:00
Defense - 60:00

% Time on Ice - SEATTLE Kraken

Lines # - Real PCT - Wanted PCT - Time Play
Normal Forward
1 - 28% - 40% - 11:42
2 - 34% - 30% - 14:02
3 - 14% - 20% - 5:50
4 - 23% - 10% - 9:38
Normal Defense
1 - 35% - 40% - 14:34
2 - 34% - 30% - 14:07
3 - 30% - 20% - 12:21
4 - 0% - 10% - 0:10
PP Forward
1 - 45% - 60% - 3:06
2 - 55% - 40% - 3:48
PP Defense
1 - 36% - 60% - 2:28
2 - 64% - 40% - 4:26
PK Forward
1 - 67% - 60% - 6:41
2 - 33% - 40% - 3:14
PK Defense
1 - 59% - 60% - 5:51
2 - 41% - 40% - 4:04
PK3 Forward
1 - 0% - 60%
2 - 0% - 40%
PK3 Defense
1 - 0% - 60%
2 - 0% - 40%
44 Forward
1 - 83% - 60% - 1:39
2 - 17% - 40% - 0:20
44 Defense
1 - 66% - 60% - 1:19
2 - 34% - 40% - 0:40
Last Minute Offensive  - 0:00
Last Minute Defensive  - 0:00
Total
Forward - 60:00
Defense - 60:00

Play-by-Play

1st period


0:01 of 1st period - Sebastian Aho wins face-off versus Luke Kunin in neutral zone.
0:17 of 1st period - Shot by Jared McCann.
0:17 of 1st period - Stopped by Sergei Bobrovsky without a rebound.
0:18 of 1st period - Mikael Granlund wins face-off versus Matty Beniers in SEATTLE Kraken zone.
0:27 of 1st period - Liam O'Brien is hit by Andrei Svechnikov and loses puck.
0:36 of 1st period - Shot by Andrei Svechnikov.
0:36 of 1st period - Goal by Andrei Svechnikov - VEGAS Golden Knights : 1 - SEATTLE Kraken : 0.
0:37 of 1st period - Adam Erne wins face-off versus Zack MacEwen in neutral zone.
0:37 of 1st period - Colton Sissons is hit by Brendan Lemieux and loses puck.
1:01 of 1st period - Colton Sissons is hit by Joel Hanley and loses puck.
1:54 of 1st period - Shot by Radko Gudas.
1:54 of 1st period - Deflect By Wayne Simmonds.
1:54 of 1st period - Shot Blocked by Jordan Oesterle.
2:14 of 1st period - Shot by Matt Martin.
2:14 of 1st period - Goal by Matt Martin - VEGAS Golden Knights : 1 - SEATTLE Kraken : 1.
2:15 of 1st period - Matty Beniers wins face-off versus Sebastian Aho in neutral zone.
2:17 of 1st period - Arber Xhekaj is hit by Adam Larsson and loses puck.
3:26 of 1st period - Shot by Andrei Svechnikov.
3:26 of 1st period - Shot Misses the Net.
4:42 of 1st period - Icing by Wayne Simmonds.
4:43 of 1st period - Sebastian Aho wins face-off versus Mathieu Olivier in SEATTLE Kraken zone.
4:46 of 1st period - Shot by Jared McCann.
4:46 of 1st period - Shot Misses the Net.
5:26 of 1st period - Shot by Zack MacEwen.
5:26 of 1st period - Shot Misses the Net.
6:07 of 1st period - Shot by Matt Martin.
6:07 of 1st period - Shot Misses the Net.
6:09 of 1st period - Shot by Liam O'Brien.
6:09 of 1st period - Shot Blocked by Mike Reilly.
6:11 of 1st period - Shot by Matty Beniers.
6:11 of 1st period - Stopped by Connor Hellebuyck without a rebound.
6:12 of 1st period - Mikael Granlund wins face-off versus Brendan Lemieux in VEGAS Golden Knights zone.
6:21 of 1st period - Shot by Alex Killorn.
6:21 of 1st period - Goal by Alex Killorn - VEGAS Golden Knights : 2 - SEATTLE Kraken : 1.
6:22 of 1st period - Mathieu Olivier wins face-off versus Mikael Granlund in neutral zone.
6:32 of 1st period - Off-side.
6:33 of 1st period - Colton Sissons wins face-off versus Matty Beniers in neutral zone.
6:39 of 1st period - Adam Erne is hit by Arber Xhekaj and loses puck.
6:47 of 1st period - Icing by Arber Xhekaj.
6:48 of 1st period - Mikael Granlund wins face-off versus Matty Beniers in SEATTLE Kraken zone.
6:48 of 1st period - Mikael Granlund is hit by Jakub Zboril.
6:56 of 1st period - Shot by Andrei Svechnikov.
6:56 of 1st period - Shot Misses the Net.
6:58 of 1st period - Shot by Mikael Granlund.
6:58 of 1st period - Shot Misses the Net.
7:12 of 1st period - Noah Hanifin is hit by Liam O'Brien and loses puck.
8:05 of 1st period - Shot by Brendan Lemieux.
8:05 of 1st period - Shot Blocked by Devin Shore.
8:21 of 1st period - Shot by Noel Acciari.
8:21 of 1st period - Stopped by Sergei Bobrovsky without a rebound.
8:22 of 1st period - Colton Sissons wins face-off versus Mathieu Olivier in SEATTLE Kraken zone.
8:22 of 1st period - Jordan Oesterle is hit by Joel Hanley and loses puck.
8:24 of 1st period - Minor Penalty to Jordan Gross for Interference.
8:25 of 1st period - Sebastian Aho wins face-off versus Brendan Lemieux in SEATTLE Kraken zone.
8:28 of 1st period - Shot by Jared McCann.
8:28 of 1st period - Shot Misses the Net.
9:24 of 1st period - Shot by Noel Acciari.
9:24 of 1st period - Shot Misses the Net.
9:26 of 1st period - Shot by Noel Acciari.
9:26 of 1st period - Stopped by Sergei Bobrovsky with a rebound.
9:28 of 1st period - Shot by Colton Sissons.
9:28 of 1st period - Shot Misses the Net.
9:51 of 1st period - Shot by Tomas Tatar.
9:51 of 1st period - Shot Misses the Net.
10:04 of 1st period - Icing by Andrei Svechnikov.
10:05 of 1st period - Sebastian Aho wins face-off versus Ryan Kesler in VEGAS Golden Knights zone.
10:05 of 1st period - Sebastian Aho is hit by Liam O'Brien.
10:17 of 1st period - Shot by Noah Hanifin.
10:17 of 1st period - Shot Blocked by Jake Gardiner.
10:30 of 1st period - Icing by Jordan Gross.
10:31 of 1st period - Mathieu Olivier wins face-off versus Noel Acciari in SEATTLE Kraken zone.
11:27 of 1st period - Colton Sissons is hit by Wayne Simmonds and loses puck.
12:24 of 1st period - Off-side.
12:25 of 1st period - Sebastian Aho wins face-off versus Luke Kunin in neutral zone.
12:32 of 1st period - Shot by Sebastian Aho.
12:32 of 1st period - Stopped by Sergei Bobrovsky without a rebound.
12:33 of 1st period - Mikael Granlund wins face-off versus Brendan Lemieux in SEATTLE Kraken zone.
12:33 of 1st period - Mikael Granlund is hit by Radko Gudas.
12:46 of 1st period - Shot by Andrei Svechnikov.
12:46 of 1st period - Stopped by Sergei Bobrovsky without a rebound.
12:47 of 1st period - Sebastian Aho wins face-off versus Zack MacEwen in SEATTLE Kraken zone.
12:52 of 1st period - Shot by Jared McCann.
12:52 of 1st period - Stopped by Sergei Bobrovsky without a rebound.
12:53 of 1st period - Sebastian Aho wins face-off versus Luke Kunin in SEATTLE Kraken zone.
12:57 of 1st period - Sebastian Aho is hit by Jordan Gross and loses puck.
13:02 of 1st period - Shot by Jared McCann.
13:02 of 1st period - Stopped by Sergei Bobrovsky with a rebound.
13:04 of 1st period - Shot by Jared McCann.
13:04 of 1st period - Stopped by Sergei Bobrovsky without a rebound.
13:05 of 1st period - Matty Beniers wins face-off versus Mikael Granlund in SEATTLE Kraken zone.
13:10 of 1st period - Shot by Noah Hanifin.
13:10 of 1st period - Stopped by Sergei Bobrovsky with a rebound.
13:18 of 1st period - Shot by Alex Killorn.
13:18 of 1st period - Shot Misses the Net.
13:24 of 1st period - Shot by Alex Killorn.
13:24 of 1st period - Deflect By Mikael Granlund.
13:24 of 1st period - Shot Blocked by Jakub Zboril.
13:27 of 1st period - Mikael Granlund is hit by Arber Xhekaj and loses puck.
13:28 of 1st period - Minor Penalty to Arber Xhekaj for High sticking.
13:29 of 1st period - Colton Sissons wins face-off versus Brendan Lemieux in SEATTLE Kraken zone.
13:32 of 1st period - Shot by Tomas Tatar.
13:32 of 1st period - Stopped by Sergei Bobrovsky with a rebound.
13:34 of 1st period - Shot by Colton Sissons.
13:34 of 1st period - Shot Misses the Net.
13:40 of 1st period - Shot by Andrei Svechnikov.
13:40 of 1st period - Stopped by Sergei Bobrovsky without a rebound.
13:41 of 1st period - Sebastian Aho wins face-off versus Brendan Lemieux in SEATTLE Kraken zone.
14:22 of 1st period - Shot by Sebastian Aho.
14:22 of 1st period - Stopped by Sergei Bobrovsky without a rebound.
14:23 of 1st period - Colton Sissons wins face-off versus Jordan Greenway in SEATTLE Kraken zone.
14:36 of 1st period - Shot by Tomas Tatar.
14:36 of 1st period - Stopped by Sergei Bobrovsky without a rebound.
14:37 of 1st period - Colton Sissons wins face-off versus Brendan Lemieux in SEATTLE Kraken zone.
14:42 of 1st period - Shot by Tomas Tatar.
14:42 of 1st period - Stopped by Sergei Bobrovsky without a rebound.
14:43 of 1st period - Sebastian Aho wins face-off versus Brendan Lemieux in SEATTLE Kraken zone.
15:10 of 1st period - Shot by Sebastian Aho.
15:10 of 1st period - Stopped by Sergei Bobrovsky without a rebound.
15:11 of 1st period - Jordan Greenway wins face-off versus Colton Sissons in SEATTLE Kraken zone.
15:19 of 1st period - Icing by Mikael Granlund.
15:20 of 1st period - Colton Sissons wins face-off versus Jordan Greenway in VEGAS Golden Knights zone.
15:20 of 1st period - Colton Sissons is hit by Matt Martin.
15:25 of 1st period - Colton Sissons is hit by Jordan Gross and loses puck.
15:28 of 1st period - Shot by Noel Acciari.
15:28 of 1st period - Stopped by Sergei Bobrovsky with a rebound.
15:42 of 1st period - Olli Maatta is hit by Mathieu Olivier and loses puck.
16:32 of 1st period - Shot by Jordan Greenway.
16:32 of 1st period - Shot Misses the Net.
16:37 of 1st period - Jared McCann is hit by Arber Xhekaj.
16:40 of 1st period - Tomas Tatar is hit by Jakub Zboril and loses puck.
16:55 of 1st period - Shot by Noah Hanifin.
16:55 of 1st period - Shot Misses the Net.
17:26 of 1st period - Icing by Andrei Svechnikov.
17:27 of 1st period - Matty Beniers wins face-off versus Mikael Granlund in VEGAS Golden Knights zone.
17:27 of 1st period - Joel Hanley is hit by Mike Reilly and loses puck.
17:30 of 1st period - Shot by Matty Beniers.
17:30 of 1st period - Goal by Matty Beniers - VEGAS Golden Knights : 2 - SEATTLE Kraken : 2.
17:31 of 1st period - Mikael Granlund wins face-off versus Matty Beniers in neutral zone.
17:37 of 1st period - Icing by Radko Gudas.
17:38 of 1st period - Mikael Granlund wins face-off versus Matty Beniers in SEATTLE Kraken zone.
17:42 of 1st period - Icing by Jake Gardiner.
17:43 of 1st period - Sebastian Aho wins face-off versus Liam O'Brien in SEATTLE Kraken zone.
17:44 of 1st period - Shot by Jared McCann.
17:44 of 1st period - Stopped by Sergei Bobrovsky without a rebound.
17:45 of 1st period - Matty Beniers wins face-off versus Sebastian Aho in SEATTLE Kraken zone.
17:45 of 1st period - Matty Beniers is hit by Sebastian Aho.
18:19 of 1st period - Shot by Tomas Tatar.
18:19 of 1st period - Stopped by Sergei Bobrovsky with a rebound.
18:21 of 1st period - Shot by Sebastian Aho.
18:21 of 1st period - Stopped by Sergei Bobrovsky without a rebound.
18:22 of 1st period - Mikael Granlund wins face-off versus Luke Kunin in SEATTLE Kraken zone.
18:55 of 1st period - Shot by Luke Kunin.
18:55 of 1st period - Deflect By Brendan Lemieux.
18:55 of 1st period - Shot Blocked by Noah Hanifin.
18:57 of 1st period - Shot by Jordan Greenway.
18:57 of 1st period - Deflect By Luke Kunin.
18:57 of 1st period - Goal by Luke Kunin - VEGAS Golden Knights : 2 - SEATTLE Kraken : 3.
18:58 of 1st period - Colton Sissons wins face-off versus Mathieu Olivier in neutral zone.
19:01 of 1st period - Wayne Simmonds is hit by Colton Sissons and loses puck.
19:15 of 1st period - Givani Smith is hit by Adam Erne.
19:18 of 1st period - Icing by Adam Larsson.
19:19 of 1st period - Liam O'Brien wins face-off versus Evgenii Dadonov in VEGAS Golden Knights zone.
19:31 of 1st period - Adam Larsson is hit by Joel Hanley and loses puck.
Goals for this period are 2 for VEGAS Golden Knights vs 3 for SEATTLE Kraken.
Shots for this period are 21 for VEGAS Golden Knights vs 4 for SEATTLE Kraken.

2nd period


0:01 of 2nd period - Sebastian Aho wins face-off versus Luke Kunin in neutral zone.
0:08 of 2nd period - Shot by Sebastian Aho.
0:08 of 2nd period - Shot Misses the Net.
0:23 of 2nd period - Jordan Greenway is hit by Tony DeAngelo and loses puck.
0:31 of 2nd period - Noah Hanifin is hit by Radko Gudas and loses puck.
0:51 of 2nd period - Icing by Radko Gudas.
0:52 of 2nd period - Luke Kunin wins face-off versus Mikael Granlund in SEATTLE Kraken zone.
0:56 of 2nd period - Jordan Greenway is hit by Adam Larsson and loses puck.
1:46 of 2nd period - Radko Gudas is hit by Colton Sissons and loses puck.
2:16 of 2nd period - Shot by Colton Sissons.
2:16 of 2nd period - Deflect By Adam Erne.
2:16 of 2nd period - Shot Misses the Net.
2:18 of 2nd period - Shot by Mike Reilly.
2:18 of 2nd period - Shot Misses the Net.
2:29 of 2nd period - Evgenii Dadonov is hit by Arber Xhekaj and loses puck.
2:53 of 2nd period - Sebastian Aho is hit by Jordan Gross and loses puck.
3:42 of 2nd period - Shot by Zack MacEwen.
3:42 of 2nd period - Stopped by Connor Hellebuyck without a rebound.
3:43 of 2nd period - Mikael Granlund wins face-off versus Matty Beniers in VEGAS Golden Knights zone.
4:08 of 2nd period - Shot by Olli Maatta.
4:08 of 2nd period - Stopped by Sergei Bobrovsky with a rebound.
4:10 of 2nd period - Shot by Adam Larsson.
4:10 of 2nd period - Stopped by Sergei Bobrovsky without a rebound.
4:11 of 2nd period - Zack MacEwen wins face-off versus Evgenii Dadonov in SEATTLE Kraken zone.
4:11 of 2nd period - Zack MacEwen is hit by Evgenii Dadonov.
4:36 of 2nd period - Ryan Kesler is hit by Jordan Oesterle and loses puck.
5:16 of 2nd period - Minor Penalty to Andrei Svechnikov for Slashing.
5:17 of 2nd period - Colton Sissons wins face-off versus Matty Beniers in VEGAS Golden Knights zone.
5:36 of 2nd period - Shot by Matt Martin.
5:36 of 2nd period - Stopped by Connor Hellebuyck without a rebound.
5:37 of 2nd period - Colton Sissons wins face-off versus Luke Kunin in VEGAS Golden Knights zone.
5:46 of 2nd period - Shot by Joel Hanley.
5:46 of 2nd period - Stopped by Connor Hellebuyck with a rebound.
5:48 of 2nd period - Shot by Luke Kunin.
5:48 of 2nd period - Stopped by Connor Hellebuyck without a rebound.
5:49 of 2nd period - Colton Sissons wins face-off versus Matty Beniers in VEGAS Golden Knights zone.
5:49 of 2nd period - Colton Sissons is hit by Wayne Simmonds.
6:40 of 2nd period - Shot by Luke Kunin.
6:40 of 2nd period - Shot Misses the Net.
8:24 of 2nd period - Liam O'Brien is hit by Alex Killorn and loses puck.
8:33 of 2nd period - Shot by Matt Martin.
8:33 of 2nd period - Stopped by Connor Hellebuyck without a rebound.
8:34 of 2nd period - Luke Kunin wins face-off versus Colton Sissons in VEGAS Golden Knights zone.
8:51 of 2nd period - Brendan Lemieux is hit by Noah Hanifin and loses puck.
8:54 of 2nd period - Shot by Luke Kunin.
8:54 of 2nd period - Stopped by Connor Hellebuyck without a rebound.
8:55 of 2nd period - Sebastian Aho wins face-off versus Matty Beniers in VEGAS Golden Knights zone.
9:02 of 2nd period - Shot by Jared McCann.
9:02 of 2nd period - Shot Misses the Net.
9:04 of 2nd period - Shot by Adam Larsson.
9:04 of 2nd period - Shot Misses the Net.
9:06 of 2nd period - Shot by Jared McCann.
9:06 of 2nd period - Stopped by Sergei Bobrovsky without a rebound.
9:07 of 2nd period - Luke Kunin wins face-off versus Mikael Granlund in SEATTLE Kraken zone.
9:07 of 2nd period - Luke Kunin is hit by Alex Killorn.
9:19 of 2nd period - Shot by Jordan Greenway.
9:19 of 2nd period - Stopped by Connor Hellebuyck with a rebound.
9:39 of 2nd period - Shot by Luke Kunin.
9:39 of 2nd period - Shot Misses the Net.
9:41 of 2nd period - Shot by Radko Gudas.
9:41 of 2nd period - Stopped by Connor Hellebuyck without a rebound.
9:42 of 2nd period - Sebastian Aho wins face-off versus Matty Beniers in VEGAS Golden Knights zone.
9:59 of 2nd period - Shot by Jared McCann.
9:59 of 2nd period - Shot Misses the Net.
10:04 of 2nd period - Matty Beniers is hit by Tomas Tatar and loses puck.
10:20 of 2nd period - Shot by Matty Beniers.
10:20 of 2nd period - Shot Misses the Net.
10:22 of 2nd period - Shot by Liam O'Brien.
10:22 of 2nd period - Deflect By Matty Beniers.
10:22 of 2nd period - Stopped by Connor Hellebuyck without a rebound.
10:22 of 2nd period - Minor Penalty to Adam Larsson for Holding.
10:23 of 2nd period - Colton Sissons wins face-off versus Luke Kunin in VEGAS Golden Knights zone.
10:32 of 2nd period - Shot by Brendan Lemieux.
10:32 of 2nd period - Stopped by Connor Hellebuyck without a rebound.
10:33 of 2nd period - Luke Kunin wins face-off versus Colton Sissons in VEGAS Golden Knights zone.
10:36 of 2nd period - Shot by Joel Hanley.
10:36 of 2nd period - Shot Misses the Net.
10:38 of 2nd period - Shot by Radko Gudas.
10:38 of 2nd period - Stopped by Connor Hellebuyck without a rebound.
10:39 of 2nd period - Colton Sissons wins face-off versus Luke Kunin in VEGAS Golden Knights zone.
10:47 of 2nd period - Off-side.
10:48 of 2nd period - Luke Kunin wins face-off versus Colton Sissons in neutral zone.
11:08 of 2nd period - Shot by Sebastian Aho.
11:08 of 2nd period - Shot Blocked by Joel Hanley.
11:30 of 2nd period - Brendan Lemieux is hit by Tony DeAngelo and loses puck.
11:47 of 2nd period - Shot by Jake Gardiner.
11:47 of 2nd period - Shot Blocked by Noah Hanifin.
11:49 of 2nd period - Shot by Matty Beniers.
11:49 of 2nd period - Deflect By Matt Martin.
11:49 of 2nd period - Shot Misses the Net.
11:51 of 2nd period - Shot by Jake Gardiner.
11:51 of 2nd period - Stopped by Connor Hellebuyck without a rebound.
11:52 of 2nd period - Noel Acciari wins face-off versus Matty Beniers in VEGAS Golden Knights zone.
12:38 of 2nd period - Shot by Noel Acciari.
12:38 of 2nd period - Stopped by Sergei Bobrovsky without a rebound.
12:39 of 2nd period - Luke Kunin wins face-off versus Mikael Granlund in SEATTLE Kraken zone.
12:52 of 2nd period - Shot by Jordan Greenway.
12:52 of 2nd period - Shot Misses the Net.
12:54 of 2nd period - Shot by Radko Gudas.
12:54 of 2nd period - Shot Misses the Net.
12:56 of 2nd period - Shot by Brendan Lemieux.
12:56 of 2nd period - Shot Misses the Net.
13:03 of 2nd period - Luke Kunin is hit by Adam Larsson and loses puck.
13:19 of 2nd period - Icing by Adam Larsson.
13:20 of 2nd period - Mikael Granlund wins face-off versus Matty Beniers in VEGAS Golden Knights zone.
13:31 of 2nd period - Shot by Matt Martin.
13:31 of 2nd period - Shot Blocked by Adam Larsson.
13:38 of 2nd period - Icing by Noah Hanifin.
13:39 of 2nd period - Mikael Granlund wins face-off versus Wayne Simmonds in VEGAS Golden Knights zone.
13:39 of 2nd period - Mikael Granlund is hit by Wayne Simmonds.
13:44 of 2nd period - Minor Penalty to Jordan Gross for Roughing.
13:45 of 2nd period - Brendan Lemieux wins face-off versus Colton Sissons in SEATTLE Kraken zone.
13:50 of 2nd period - Noel Acciari is hit by Brendan Lemieux and loses puck.
14:51 of 2nd period - Shot by Sebastian Aho.
14:51 of 2nd period - Stopped by Sergei Bobrovsky without a rebound.
14:52 of 2nd period - Jordan Greenway wins face-off versus Sebastian Aho in SEATTLE Kraken zone.
15:13 of 2nd period - Shot by Sebastian Aho.
15:13 of 2nd period - Stopped by Sergei Bobrovsky without a rebound.
15:14 of 2nd period - Noel Acciari wins face-off versus Jordan Greenway in SEATTLE Kraken zone.
16:01 of 2nd period - Shot by Mathieu Olivier.
16:01 of 2nd period - Shot Misses the Net.
16:03 of 2nd period - Shot by Mathieu Olivier.
16:03 of 2nd period - Shot Misses the Net.
16:05 of 2nd period - Shot by Wayne Simmonds.
16:05 of 2nd period - Shot Misses the Net.
16:08 of 2nd period - Wayne Simmonds is hit by Adam Larsson and loses puck.
16:34 of 2nd period - Brendan Lemieux is hit by Adam Larsson and loses puck.
16:43 of 2nd period - Shot by Ryan Kesler.
16:43 of 2nd period - Stopped by Connor Hellebuyck without a rebound.
16:44 of 2nd period - Sebastian Aho wins face-off versus Matty Beniers in VEGAS Golden Knights zone.
17:13 of 2nd period - Radko Gudas is hit by Sebastian Aho and loses puck.
17:54 of 2nd period - Shot by Noel Acciari.
17:54 of 2nd period - Shot Blocked by Jordan Greenway.
17:57 of 2nd period - Icing by Jakub Zboril.
17:58 of 2nd period - Luke Kunin wins face-off versus Mikael Granlund in SEATTLE Kraken zone.
18:15 of 2nd period - Adam Larsson is hit by Arber Xhekaj and loses puck.
18:22 of 2nd period - Shot by Alex Killorn.
18:22 of 2nd period - Shot Misses the Net.
18:24 of 2nd period - Shot by Andrei Svechnikov.
18:24 of 2nd period - Goal by Andrei Svechnikov - VEGAS Golden Knights : 3 - SEATTLE Kraken : 3.
18:25 of 2nd period - Noel Acciari wins face-off versus Mathieu Olivier in neutral zone.
18:25 of 2nd period - Phil Di Giuseppe is hit by Givani Smith and loses puck.
18:30 of 2nd period - Shot by Givani Smith.
18:30 of 2nd period - Stopped by Connor Hellebuyck with a rebound.
19:14 of 2nd period - Minor Penalty to Sebastian Aho for Roughing.
19:15 of 2nd period - Colton Sissons wins face-off versus Luke Kunin in VEGAS Golden Knights zone.
Goals for this period are 1 for VEGAS Golden Knights vs 0 for SEATTLE Kraken.
Shots for this period are 7 for VEGAS Golden Knights vs 14 for SEATTLE Kraken.

3rd period


0:01 of 3rd period - Luke Kunin wins face-off versus Colton Sissons in neutral zone.
0:05 of 3rd period - Shot by Radko Gudas.
0:05 of 3rd period - Shot Misses the Net.
0:07 of 3rd period - Shot by Jordan Greenway.
0:07 of 3rd period - Shot Misses the Net.
0:09 of 3rd period - Shot by Luke Kunin.
0:09 of 3rd period - Shot Blocked by Adam Larsson.
0:11 of 3rd period - Shot by Jordan Greenway.
0:11 of 3rd period - Shot Misses the Net.
0:13 of 3rd period - Shot by Radko Gudas.
0:13 of 3rd period - Shot Hit the Post.
0:15 of 3rd period - Shot by Radko Gudas.
0:15 of 3rd period - Stopped by Connor Hellebuyck without a rebound.
0:16 of 3rd period - Colton Sissons wins face-off versus Matty Beniers in VEGAS Golden Knights zone.
0:29 of 3rd period - Devin Shore is hit by Wayne Simmonds and loses puck.
0:46 of 3rd period - Shot by Matty Beniers.
0:46 of 3rd period - Shot Misses the Net.
0:55 of 3rd period - Icing by Jake Gardiner.
0:56 of 3rd period - Colton Sissons wins face-off versus Matty Beniers in SEATTLE Kraken zone.
1:14 of 3rd period - Colton Sissons is hit by Jordan Gross and loses puck.
1:25 of 3rd period - Shot by Tomas Tatar.
1:25 of 3rd period - Stopped by Sergei Bobrovsky with a rebound.
1:27 of 3rd period - Shot by Sebastian Aho.
1:27 of 3rd period - Stopped by Sergei Bobrovsky without a rebound.
1:28 of 3rd period - Mikael Granlund wins face-off versus Zack MacEwen in SEATTLE Kraken zone.
1:31 of 3rd period - Shot by Alex Killorn.
1:31 of 3rd period - Shot Blocked by Joel Hanley.
1:33 of 3rd period - Shot by Adam Larsson.
1:33 of 3rd period - Stopped by Sergei Bobrovsky with a rebound.
1:47 of 3rd period - Shot by Alex Killorn.
1:47 of 3rd period - Shot Misses the Net.
2:05 of 3rd period - Shot by Alex Killorn.
2:05 of 3rd period - Deflect By Andrei Svechnikov.
2:05 of 3rd period - Shot Misses the Net.
2:11 of 3rd period - Shot by Mikael Granlund.
2:11 of 3rd period - Goal by Mikael Granlund - VEGAS Golden Knights : 4 - SEATTLE Kraken : 3.
2:12 of 3rd period - Matty Beniers wins face-off versus Sebastian Aho in neutral zone.
2:41 of 3rd period - Radko Gudas is hit by Tony DeAngelo and loses puck.
3:53 of 3rd period - Minor Penalty to Arber Xhekaj for Cross-checking.
3:53 of 3rd period - Minor Penalty to Andrei Svechnikov for Slashing.
3:54 of 3rd period - Alex Killorn wins face-off versus Luke Kunin in SEATTLE Kraken zone.
4:23 of 3rd period - Icing by Adam Larsson.
4:24 of 3rd period - Luke Kunin wins face-off versus Sebastian Aho in VEGAS Golden Knights zone.
4:41 of 3rd period - Shot by Jordan Gross.
4:41 of 3rd period - Deflect By Jordan Greenway.
4:41 of 3rd period - Shot Misses the Net.
4:57 of 3rd period - Icing by Mikael Granlund.
4:58 of 3rd period - Mikael Granlund wins face-off versus Brendan Lemieux in VEGAS Golden Knights zone.
5:11 of 3rd period - Icing by Noah Hanifin.
5:12 of 3rd period - Mikael Granlund wins face-off versus Luke Kunin in VEGAS Golden Knights zone.
5:25 of 3rd period - Noah Hanifin is hit by Jordan Greenway and loses puck.
5:57 of 3rd period - Shot by Jordan Oesterle.
5:57 of 3rd period - Shot Blocked by Jakub Zboril.
7:25 of 3rd period - Minor Penalty to Joel Hanley for Cross-checking.
7:26 of 3rd period - Jared McCann wins face-off versus Brendan Lemieux in SEATTLE Kraken zone.
7:27 of 3rd period - Shot by Noah Hanifin.
7:27 of 3rd period - Stopped by Sergei Bobrovsky without a rebound.
7:28 of 3rd period - Sebastian Aho wins face-off versus Brendan Lemieux in SEATTLE Kraken zone.
7:43 of 3rd period - Jake Gardiner is hit by Alex Killorn and loses puck.
8:26 of 3rd period - Shot by Noah Hanifin.
8:26 of 3rd period - Shot Blocked by Jakub Zboril.
8:28 of 3rd period - Shot by Noah Hanifin.
8:28 of 3rd period - Stopped by Sergei Bobrovsky with a rebound.
8:34 of 3rd period - Shot by Noel Acciari.
8:34 of 3rd period - Shot Blocked by Radko Gudas.
8:36 of 3rd period - Shot by Andrei Svechnikov.
8:36 of 3rd period - Shot Misses the Net.
8:38 of 3rd period - Shot by Noel Acciari.
8:38 of 3rd period - Deflect By Tomas Tatar.
8:38 of 3rd period - Stopped by Sergei Bobrovsky with a rebound.
8:54 of 3rd period - Shot by Andrei Svechnikov.
8:54 of 3rd period - Stopped by Sergei Bobrovsky without a rebound.
8:55 of 3rd period - Sebastian Aho wins face-off versus Brendan Lemieux in SEATTLE Kraken zone.
8:56 of 3rd period - Shot by Jared McCann.
8:56 of 3rd period - Stopped by Sergei Bobrovsky with a rebound.
8:58 of 3rd period - Shot by Mikael Granlund.
8:58 of 3rd period - Stopped by Sergei Bobrovsky without a rebound.
8:59 of 3rd period - Sebastian Aho wins face-off versus Brendan Lemieux in SEATTLE Kraken zone.
9:02 of 3rd period - Shot by Noah Hanifin.
9:02 of 3rd period - Shot Blocked by Jake Gardiner.
9:04 of 3rd period - Shot by Sebastian Aho.
9:04 of 3rd period - Stopped by Sergei Bobrovsky without a rebound.
9:05 of 3rd period - Sebastian Aho wins face-off versus Brendan Lemieux in SEATTLE Kraken zone.
9:06 of 3rd period - Shot by Jared McCann.
9:06 of 3rd period - Deflect By Sebastian Aho.
9:06 of 3rd period - Shot Misses the Net.
9:26 of 3rd period - Shot by Colton Sissons.
9:26 of 3rd period - Stopped by Sergei Bobrovsky with a rebound.
10:18 of 3rd period - Shot by Givani Smith.
10:18 of 3rd period - Stopped by Connor Hellebuyck without a rebound.
10:19 of 3rd period - Sebastian Aho wins face-off versus Luke Kunin in VEGAS Golden Knights zone.
10:30 of 3rd period - Shot by Sebastian Aho.
10:30 of 3rd period - Shot Blocked by Jordan Gross.
11:27 of 3rd period - Shot by Andrei Svechnikov.
11:27 of 3rd period - Deflect By Alex Killorn.
11:27 of 3rd period - Stopped by Sergei Bobrovsky without a rebound.
11:28 of 3rd period - Matty Beniers wins face-off versus Noel Acciari in SEATTLE Kraken zone.
11:28 of 3rd period - Matty Beniers is hit by Phil Di Giuseppe.
11:33 of 3rd period - Jake Gardiner is hit by Devin Shore.
11:50 of 3rd period - Olli Maatta is hit by Matt Martin and loses puck.
11:57 of 3rd period - Icing by Radko Gudas.
11:58 of 3rd period - Matty Beniers wins face-off versus Alex Killorn in SEATTLE Kraken zone.
12:19 of 3rd period - Shot by Jake Gardiner.
12:19 of 3rd period - Shot Misses the Net.
12:30 of 3rd period - Off-side.
12:31 of 3rd period - Luke Kunin wins face-off versus Sebastian Aho in neutral zone.
12:56 of 3rd period - Shot by Brendan Lemieux.
12:56 of 3rd period - Shot Blocked by Adam Larsson.
12:58 of 3rd period - Shot by Jordan Greenway.
12:58 of 3rd period - Shot Misses the Net.
13:00 of 3rd period - Shot by Brendan Lemieux.
13:00 of 3rd period - Deflect By Luke Kunin.
13:00 of 3rd period - Stopped by Connor Hellebuyck without a rebound.
13:01 of 3rd period - Mikael Granlund wins face-off versus Mathieu Olivier in VEGAS Golden Knights zone.
13:03 of 3rd period - Icing by Noah Hanifin.
13:04 of 3rd period - Matty Beniers wins face-off versus Mikael Granlund in VEGAS Golden Knights zone.
13:17 of 3rd period - Shot by Andrei Svechnikov.
13:17 of 3rd period - Deflect By Alex Killorn.
13:17 of 3rd period - Stopped by Sergei Bobrovsky without a rebound.
13:18 of 3rd period - Sebastian Aho wins face-off versus Luke Kunin in SEATTLE Kraken zone.
13:22 of 3rd period - Tomas Tatar is hit by Arber Xhekaj and loses puck.
13:40 of 3rd period - Icing by Sebastian Aho.
13:41 of 3rd period - Sebastian Aho wins face-off versus Matty Beniers in VEGAS Golden Knights zone.
13:48 of 3rd period - Shot by Matty Beniers.
13:48 of 3rd period - Stopped by Connor Hellebuyck without a rebound.
13:49 of 3rd period - Jordan Greenway wins face-off versus Alex Killorn in VEGAS Golden Knights zone.
14:24 of 3rd period - Jordan Greenway is hit by Tony DeAngelo and loses puck.
15:45 of 3rd period - Matty Beniers is hit by Mike Reilly and loses puck.
16:08 of 3rd period - Shot by Wayne Simmonds.
16:08 of 3rd period - Shot Misses the Net.
16:10 of 3rd period - Shot by Givani Smith.
16:10 of 3rd period - Stopped by Connor Hellebuyck without a rebound.
16:11 of 3rd period - Noel Acciari wins face-off versus Zack MacEwen in VEGAS Golden Knights zone.
16:23 of 3rd period - Noel Acciari is hit by Joel Hanley.
16:30 of 3rd period - Minor Penalty to Joel Hanley for Tripping.
16:31 of 3rd period - Sebastian Aho wins face-off versus Brendan Lemieux in SEATTLE Kraken zone.
16:50 of 3rd period - Radko Gudas is hit by Sebastian Aho and loses puck.
17:07 of 3rd period - Shot by Andrei Svechnikov.
17:07 of 3rd period - Stopped by Sergei Bobrovsky with a rebound.
17:29 of 3rd period - Shot by Tony DeAngelo.
17:29 of 3rd period - Shot Misses the Net.
17:33 of 3rd period - Shot by Mikael Granlund.
17:33 of 3rd period - Stopped by Sergei Bobrovsky without a rebound.
17:34 of 3rd period - Colton Sissons wins face-off versus Jordan Greenway in SEATTLE Kraken zone.
17:35 of 3rd period - Shot by Mikael Granlund.
17:35 of 3rd period - Stopped by Sergei Bobrovsky without a rebound.
17:36 of 3rd period - Tomas Tatar wins face-off versus Brendan Lemieux in SEATTLE Kraken zone.
18:03 of 3rd period - Shot by Tomas Tatar.
18:03 of 3rd period - Shot Blocked by Radko Gudas.
18:05 of 3rd period - Shot by Colton Sissons.
18:05 of 3rd period - Shot Misses the Net.
19:02 of 3rd period - Minor Penalty to Adam Erne for Hooking.
19:03 of 3rd period - Colton Sissons wins face-off versus Matty Beniers in VEGAS Golden Knights zone.
Goals for this period are 1 for VEGAS Golden Knights vs 0 for SEATTLE Kraken.
Shots for this period are 17 for VEGAS Golden Knights vs 5 for SEATTLE Kraken. Output by the SimonT Hockey Simulator (STHS) for Martin Benoit - Original Page W3C HTML5 Valid
Hockey Simulator - Hockey Simulation - Hockey Manager